 Dungeon Crawl Stone Soup version 0.30-a0-141-g30f27751c5 (webtiles) character file.

Game seed: 9967639768170796486

50 qw the Shield-Bearer (level 3, -4/23 HPs)
             Began as a Gargoyle Fighter on Sept 25, 2022.
             Slain by a gnoll
             ... wielding a +2 spear of distortion
              (12 damage)
             ... on level 2 of the Dungeon.
             The game lasted 00:00:33 (1421 turns).

qw the Shield-Bearer (Gargoyle Fighter)             Turns: 1421, Time: 00:00:34

Health: -4/23      AC: 10    Str: 21    XL:     3   Next: 79%
Magic:  3/3        EV:  8    Int:  8    God:
Gold:   97         SH:  8    Dex:  9    Spells: 2/2 levels left

rFire   . . .      SeeInvis .    Y - +0 war axe
rCold   . . .      Faith    .    h - +0 kite shield
rNeg    + . .      Spirit   .    b - +0 scale mail
rPois   inf        Reflect  .    (no helmet)
rElec   +          Harm     .    (no cloak)
rCorr   .          Rampage  .    (no gloves)
Will    +....                    (no boots)
Stlth   ..........               (no amulet)
HPRegen 0.07/turn                g - ring of willpower
MPRegen 0.08/turn                (no ring)

@: no status effects
A: sickness immunity, AC +3, negative energy resistance 1, electricity
resistance, torment resistance 1, petrification resistance
a: no special abilities


You were on level 2 of the Dungeon.
You visited 1 branch of the dungeon, and saw 2 of its levels.

You collected 97 gold pieces.


Innate Abilities, Weirdness & Mutations

You are immune to sickness and miasma.
Your stone body is resilient. (AC +3)
You are immune to poison.
You resist negative energy. (rN+)
You are resistant to electric shocks. (rElec)
You are resistant to unholy torment.
You are immune to petrification.


   Skills:
 - Level 3.2 Fighting
 - Level 3.2 Axes
 - Level 3.2 Armour
 + Level 3.8 Shields


You had 2 spell levels left.
You didn't know any spells.
Your spell library was empty.

Inventory:

Hand Weapons
 f - a +0 whip
 Y - a +0 war axe (weapon)
Armour
 a - a +2 pair of gloves of stealth
 b - a +0 scale mail (worn)
 h - a +0 kite shield (worn)
Jewellery
 g - a ring of willpower (left hand)
Scrolls
 k - 4 scrolls of identify
Potions
 c - a potion of berserk rage {unknown}
 d - 2 potions of might
 e - a potion of magic {unknown}

Dungeon Overview and Level Annotations

Branches:
Dungeon (2/15)

Altars:


Message History

You kill the rat!
You see here a rat corpse.
A goblin comes into view. It is wielding a +0 dagger.
You barely miss the goblin. You block the goblin's attack.
You barely miss the goblin.
The goblin hits you but does no damage. x2
You closely miss the goblin. The goblin barely misses you.
You barely miss the goblin. You block the goblin's attack.
The goblin hits you but does no damage.
You slash the goblin!
You kill the goblin!
Things that are here:
a +0 dagger; a goblin corpse You now have 83 gold pieces (gained 9).
You open the door.
There is an open door here.
d - 2 potions of might (gained 1)
There is an open door here.
You open the door.
There is an open door here.
You now have 97 gold pieces (gained 14).
Found a stone staircase leading up.
Enter note:
Enter note:
Enter note: A gnoll comes into view.
It is wielding a +2 spear of distortion.
The gnoll shouts!
You hear a shout! x3
The gnoll barely misses you.
A gnoll comes into view. It is wielding a +0 whip.
A gnoll comes into view. It is wielding a +0 halberd.
The gnoll shouts!
The gnoll hits you with a +2 spear of distortion!
Space warps horribly around you! The gnoll barely misses you.
You closely miss the gnoll.
The gnoll hits you with a +2 spear of distortion.
Space warps horribly around you!
Ouch! That really hurt!
You die...

#..#..#
#.##..#
#.....#
####.##
#.# #.#
#.# #
#.##g#
#.@gg#
######


You could see 3 gnolls.

Vanquished Creatures
  An adder (D:2)
  3 dart slugs (D:1)
  2 ball pythons (D:1)
  2 endoplasms (D:2)
  A giant cockroach (D:1)
  4 goblins
  4 hobgoblins
  5 jackals (D:1)
  A quokka (D:1)
  2 bats (D:1)
  4 kobolds
  4 rats
33 creatures vanquished.

Notes
Turn   | Place    | Note
-------+----------+-------------------------------------------
     0 | D:1      | qw the Gargoyle Fighter began the quest for the Orb.
     0 | D:1      | Reached XP level 1. HP: 14/14 MP: 1/1
     0 | D:1      | 0 ||| qw: Version: 0.2-a-10-g399e6c4
     0 | D:1      | 0 ||| qw: Game counter: 362
     0 | D:1      | 0 ||| qw: Always use a shield: true
     0 | D:1      | 0 ||| qw: God list: Okawaru
     0 | D:1      | 0 ||| qw: Allow faded altars: false
     0 | D:1      | 0 ||| qw: Do Orc after D:15 true
     0 | D:1      | 0 ||| qw: Do second Lair branch before Depths: true
     0 | D:1      | 0 ||| qw: Lair rune preference: random
     0 | D:1      | 0 ||| qw: Plans: Normal, Zot:1-4, God:TSO, Crypt, Tomb,
                  | Pan, Slime:5, Hells, Abyss, Orb
     0 | D:1      | 0 ||| PLANNING D:1-11
   136 | D:1      | Reached XP level 2. HP: 19/19 MP: 2/2
   138 | D:1      | 138 ||| Stepping ~*~*~tactically~*~*~ (hiding).
   259 | D:1      | 259 ||| Stepping ~*~*~tactically~*~*~ (hiding).
   417 | D:1      | 417 ||| Stepping ~*~*~tactically~*~*~ (hiding).
   513 | D:1      | Reached skill level 3 in Axes
   557 | D:1      | Reached XP level 3. HP: 22/23 MP: 3/3
  1070 | D:1      | 1070 ||| UPGRADING to +0 kite shield.
  1080 | D:1      | 1080 ||| DROPPING +0 buckler.
  1081 | D:1      | 1081 ||| UPGRADING to ring of willpower.
  1082 | D:1      | 1082 ||| READING scroll labelled APIFAS NONE.
  1083 | D:1      | 1083 ||| READING scroll labelled FADEAXE GELEAMN.
  1087 | D:1      | 1087 ||| READING 2 scrolls labelled PEEPNO MAZIF.
  1088 | D:1      | 1088 ||| READING scroll labelled YKHLOS JAFESU.
  1421 | D:2      | Slain by a gnoll

Levels and vault maps discovered:
D:1:      mrwooster_arrival_statue_2, layout_basic, patterned_corridor
D:2:      layout_basic, minmay_misc_feat_room, minmay_hedge_maze

Skill      XL: |  1  2 |
---------------+-------+-----
Axes           | 2 3 |  3.2
Fighting       | |  3.2
Armour         | |  3.2
Shields        | |  3.8

Action                   || total
-------------------------++-------
Melee: War axe           ||    93
  Use: Scroll            ||     4
Armor: Scale mail        ||    44
Dodge: Dodged            ||    48
Block: Buckler           ||    11
       Kite shield       ||     7

Table legend:
 A = Non-vault XP
 B = Vault XP
 C = Vault XP percentage of total XP
 D = Non-vault monster count
 E = Vault monster count
 F = Vault count percentage of total count
                 A         B        C        D         E       F
            +---------+---------+-------+---------+---------+-------
      Total |      72 |       0 |   0.0 |      33 |       0 |   0.0
            +---------+---------+-------+---------+---------+-------
        D:1 |      46 |       0 |   0.0 |      23 |       0 |   0.0
        D:2 |      26 |       0 |   0.0 |      10 |       0 |   0.0
            +---------+---------+-------+---------+---------+-------
